[Event "GER-ch Blitz 2019"]
[Site "Magdeburg"]
[Date "2019.05.25"]
[Round "28.11"]
[White "Heistermann, Till"]
[Black "Ehmann, Thilo"]
[Result "1/2-1/2"]
[ECO "A34"]
[WhiteElo "2181"]
[BlackElo "2291"]
[Annotator "NA"]
[PlyCount "246"]
[EventDate "2019.05.25"]
[EventType "tourn"]
[EventCountry "GER"]
[Tiebreak "Number of wins+Number of black wins"]
[SourceTitle "playchess.com"]
[Source "ChessBase"]
[SourceQuality "1"]
[TimeControl "180+2"]

1. c4 c5 2. g3 Nf6 3. Bg2 d5 4. cxd5 Nxd5 5. Nc3 Nc7 6.
d3 Nc6 7. Bxc6+ bxc6 8. Qa4 Bd7 9. Nf3 f6 10. Be3 e5 11.
Rc1 Nb5 12. Ne4 Nd4 13. Nfd2 Qb6 14. b3 f5 15. Nc4 Qb8 16.
Ned2 Be7 17. Na5 Qb5 18. Ndc4 Qxa4 19. bxa4 Bf6 20. Kd2 Rb8 21. Rb1 Ke7 22. Nb7 Be6 23. Nxc5 Bd5 24. f3 Rhc8 25. Na6 Rxb1 26. Rxb1 Ne6 27. Rb7+ Kf8 28. Rxa7 e4 29. fxe4 fxe4 30. Nc5 exd3 31. exd3 Nxc5 32. Bxc5+ Kg8 33. a5 Rd8 34. Kc2 Bg2 35. a6 Bf1 36. Bd6 h5 37. Rb7 c5 38. a7 Bg2 39. Rb8 Kf7 40. Rxd8 Bxd8 41. Bxc5 Ke6 42. Bb6 Be7 43. a4 Kd7 44. Bd4 Bd8 45. Bxg7 Kc8 46.
Bd4 Kb7 47. Kd2 h4 48. gxh4 Bxh4 49. Nd6+ Ka8 50. Ne4 Bh3 51. Ke3 Bd8 52. Kf4 Bd7 53. Nf6 Bxa4 54. h4 Bc2 55. Ke3 Bb3 56. h5 Bf7 57. h6 Bg6 58.
Ne4 Be7 59. Kf4 Kb7 60. Ke5 Bf8 61. Ke6 Bxh6 62. Kd6 Bf8+ 63. Kd7 Ka8 64. Bb6 Bg7 65. Nc5 Be5 66. Kc6 Bf5 67. Kb5 Bg4 68. Ne4 Bd7+ 69. Kc5 Bf5 70. Kd5 Bf4 71. d4 Kb7 72. Bc5 Ka8 73. Nd6 Bh3 74.
Nb5 Bg2+ 75. Kc4 Bf1+ 76. Kb4 Kb7 77. Ka4 Bg2 78. Nc3 Bc6+ 79.
Kb4 Ka8 80. d5 Bd7 81. Nb5 Kb7 82. Ka5 Bxb5 83. Kxb5 Bc7 84. Bd4 Bd6 85. Kc4 Bc7 86. Kd3 Bd6 87. Ke4 Be7 88. Kf5 Bb4 89. Ke6 Ba3 90. Be3 Bb4 91. Ke5 Bc3+ 92. Ke4 Bb4 93. Kd3 Bd6 94. Kc4 Bc7 95. Bc5 Be5 96. Kd3 Bc7 97. Ke4 Bg3 98. Bd4 Bd6 99. Be5 Bc5 100. Bb8 Bb4 101. Kf5 Bc5 102. Ke6
Bb4 103. Bd6 Be1 104. Bc5 Bg3 105. Bd4 Bf4 106. Be5 Be3 107. d6 Bxa7 108. d7 Bb6 109. Bd6 Kc6 110. Bb4 Bc7 111. Ke7 Bb6 112. Ke8 Bc7 113. Be7 Bb6 114. Bd8 Bd4 115. Be7 Bb6 116. Bb4 Bc7 117. Bd2 Bb6 118. Be3 Bc7 119. Bd4 Ba5 120. Bc3 Bc7 121. Ke7 Bb6 122. Bb4 Bc7 123. Ke8 Bb6 1/2-1/2

[Event "GER-ch Blitz 2019"]
[Site "Magdeburg"]
[Date "2019.05.25"]
[Round "28.12"]
[White "Braeuer, Franz"]
[Black "Braeuning, Rudolf Wilhelm"]
[Result "1-0"]
[ECO "B36"]
[WhiteElo "2445"]
[BlackElo "2285"]
[Annotator "NA"]
[PlyCount "91"]
[EventDate "2019.05.25"]
[EventType "tourn"]
[EventCountry "GER"]
[Tiebreak "Number of wins+Number of black wins"]
[SourceTitle "playchess.com"]
[Source "ChessBase"]
[SourceQuality "1"]
[TimeControl "180+2"]

1. e4 c5 2. Nf3 g6 3. d4 cxd4 4. Nxd4 Nc6 5. c4 Nf6 6. Nc3 d6 7. Be2 Nxd4 8. Qxd4 Bg7 9. Be3 O-O 10. Qd2 a5 11. f3 a4 12. Rc1 Be6 13.
Nb5 Nd7 14. Nd4 Nc5 15. O-O Qa5 16. Rfd1 Qxd2 17. Rxd2 Rfc8 18. Kf2 Bd7 19. Rdc2 f5 20. exf5 gxf5 21. f4 Ne4+ 22. Kg1 e5 23. Nf3 h6 24. Rd1 Be6 25. Nd2 exf4 26. Nxe4 fxe3 27. Nxd6 Rc7 28. Nb5 Re7 29. g3 Rc8 30. Kg2 Be5 31. b3 axb3 32. axb3 f4 33. gxf4 Bxf4 34. Bf3 Rf8 35. Re2 Rg7+ 36. Kh1 Bg5 37. Bd5 Bxd5+ 38. cxd5 Rf2 39. Rde1 Rd7 40. Nc3 Bd8 41. Ne4 Rxe2 42. Rxe2 Rxd5 43. Rxe3 Bb6 44. Nf6+ Kf7 45. Nxd5 Bxe3 46. Nxe3 1-0

[Event "GER-ch Blitz 2019"]
[Site "Magdeburg"]
[Date "2019.05.25"]
[Round "28.13"]
[White "Voege, Tobias"]
[Black "Buhmann, Rainer"]
[Result "0-1"]
[ECO "E21"]
[WhiteElo "2294"]
[BlackElo "2573"]
[Annotator "ChessBase"]
[PlyCount "100"]
[EventDate "2019.05.25"]
[EventType "tourn"]
[EventCountry "GER"]
[Tiebreak "Number of wins+Number of black wins"]
[SourceTitle "playchess.com"]
[Source "ChessBase"]
[SourceQuality "1"]
[TimeControl "180+2"]

1. d4 Nf6 2. c4 e6 3. Nc3 Bb4 4. Nf3 b6 5. Bg5 Bb7 6. e3 h6 7. Bh4 g5 8. Bg3 Ne4 9. Qc2 Bxc3+ 10. bxc3 d6 11. Bd3 Nxg3 12. fxg3 Nd7 13. O-O Qe7 14. e4 e5 15. a4 a5 16. Qe2 f6 17. Rab1 O-O 18. Ne1 Bc8 19. Nc2 Nb8 20. Ne3 Be6 21. Qh5 Qh7 22. c5 dxc5 23. dxe5 Nd7 24. exf6 Nxf6 25. Qe2 Rad8 26. Nf5 Bxf5 27. Rxf5 Qe7 28. Rbf1 Kh8 29. e5 Nd7 30. e6 Rxf5 31. Rxf5 Nf6 32. Qe5 Kg7 33. h4 Rxd3 34. hxg5 Rd1+ 35. Kf2 hxg5 36. Rxg5+ Kf8 37. Rf5 Kg7 38.
Rg5+ Kh6 39. Ke2 Rd5 40. Rh5+ Nxh5 41. Qxd5 Ng7 42. Qd2+ Kg6 43. Qd3+ Kf6 44. Kf1 Qxe6 45. g4 Qxg4 46. Qd8+ Kg6 47. Qxc7 Qe6 48. Qg3+ Kf6 49. Kg1 Nf5 50. Qf4 Qe3+ 0-1

[Event "GER-ch Blitz 2019"]
[Site "Magdeburg"]
[Date "2019.05.25"]
[Round "28.14"]
[White "Baskin, Robert"]
[Black "Feuerstack, Aljoscha"]
[Result "1/2-1/2"]
[ECO "A45"]
[WhiteElo "2398"]
[BlackElo "2441"]
[Annotator "NA"]
[PlyCount "55"]
[EventDate "2019.05.25"]
[EventType "tourn"]
[EventCountry "GER"]
[Tiebreak "Number of wins+Number of black wins"]
[SourceTitle "playchess.com"]
[Source "ChessBase"]
[SourceQuality "1"]
[TimeControl "180+2"]

1. d4 Nf6 2. Bf4 d5 3. e3 c5 4. c3 Nc6 5. Nd2 Bf5 6. Ngf3 e6 7. Qb3 Qc8 8. Nh4 c4 9. Qd1 Be7 10. Be2 O-O 11. g4 Nxg4 12. Bxg4 Bxh4 13. Bxf5 exf5 14. Rg1 Qe6 15. Qh5 Bf6 16. Nf3 b5 17. Bh6 Ne7 18.
Kd2 Rfe8 19. Rg3 b4 20. Rh3 g6 21. Rg1 bxc3+ 22. bxc3 Qb6 23. Bf4 Qb2+ 24. Ke1 Qb1+ 25. Ke2 Qd3+ 26. Ke1 Qb1+ 27. Ke2 Qd3+ 28. Ke1 1/2-1/2

[Event "GER-ch Blitz 2019"]
[Site "Magdeburg"]
[Date "2019.05.25"]
[Round "28.15"]
[White "Wichmann, Cliff"]
[Black "Koch, Thomas"]
[Result "0-1"]
[ECO "E15"]
[WhiteElo "2280"]
[BlackElo "2474"]
[Annotator "ChessBase"]
[PlyCount "71"]
[EventDate "2019.05.25"]
[EventType "tourn"]
[EventCountry "GER"]
[Tiebreak "Number of wins+Number of black wins"]
[SourceTitle "playchess.com"]
[Source "ChessBase"]
[SourceQuality "1"]
[TimeControl "180+2"]

1. d4 Nf6 2. c4 e6 3. Nf3 b6 4. g3 Ba6 5. Nbd2 Bb4 6. Qc2 Bb7 7. Bg2 O-O 8.
O-O d5 9. Ne5 Nbd7 10. Ndf3 Nxe5 11. Nxe5 c6 12. Qa4 Bd6 13. Bg5 Qe8 14. Bxf6 gxf6 15. Nf3 c5 16. Qc2 Rc8 17. cxd5 cxd4 18. Qd2 Bxd5 19. Qxd4 Qe7 20. Rac1 Bc5 21. Qh4 Bxa2 22. e4 Rfd8 23. e5 fxe5 24. Ng5 f6 25. Ne4 f5 26. Ng5 e4 27. Qh6 e3 28. Ra1 exf2+ 29. Kh1 Bc4 30. Rfc1 Be3 31. h4 Bxg5 32. hxg5 a5 33. Bf3 Qg7 34. Kg2 Qxh6 35. gxh6 Rd2 36. Kh3 0-1

[Event "GER-ch Blitz 2019"]
[Site "Magdeburg"]
[Date "2019.05.25"]
[Round "29.1"]
[White "Gustafsson, Jan"]
[Black "Stein, Robert"]
[Result "0-1"]
[ECO "E11"]
[WhiteElo "2639"]
[BlackElo "2318"]
[Annotator "ChessBase"]
[PlyCount "112"]
[EventDate "2019.05.25"]
[EventType "tourn"]
[EventCountry "GER"]
[Tiebreak "Number of wins+Number of black wins"]
[SourceTitle "playchess.com"]
[Source "ChessBase"]
[SourceQuality "1"]
[TimeControl "180+2"]

1. d4 Nf6 2. c4 e6 3. Nf3 Bb4+ 4. Nbd2 d5 5. Qa4+ Nc6 6. a3 Be7 7. e3 O-O 8. Qc2 a5 9. b3 a4 10. b4 Nb8 11. Bb2 c6 12. Bd3 Nbd7 13.
O-O b6 14. e4 dxe4 15. Nxe4 Bb7 16. c5 Ba6 17. Bxa6 Rxa6 18. cxb6 Nxe4 19. Qxe4 Rxb6 20. Rac1 Nf6 21. Qc2 Qa8 22. Ne5 Rc8 23. Rfe1 Nd5 24. Qe4 Bf6 25. Nd3 Be7 26. h3 Bd6 27. Rc4 Rb7 28. Rec1 Rbc7 29. Nc5 Bxc5 30. dxc5 Re7 31. Be5 Ree8 32. Qg4 f6 33. Bd6 Qb7 34. Re1 Qf7 35. Qd1 Ra8 36. Qd3 e5 37. g3 Nc7 38. Qe4 Nb5 39. Re3 Nd4 40. Rc1 Re6 41.
b5 f5 42. Qg2 e4 43. b6 Nf3+ 44. Rxf3 exf3 45. Qxf3 Rae8 46. Qxc6 Re1+ 47. Rxe1 Rxe1+ 48. Kg2 Qc4 49. Qc8+ Kf7 50. Qxf5+ Ke8 51. Qf8+ Kd7 52. Qxg7+ Kc6 53. Qc7+ Kb5 54. Qd7+ Ka6 55. Qc8+ Kb5 56. b7 Qe4+ 0-1

[Event "GER-ch Blitz 2019"]
[Site "Magdeburg"]
[Date "2019.05.25"]
[Round "29.2"]
[White "Schmaltz, Roland"]
[Black "Zuyev, Igor"]
[Result "1/2-1/2"]
[ECO "B27"]
[WhiteElo "2461"]
[BlackElo "2447"]
[Annotator "ChessBase"]
[PlyCount "54"]
[EventDate "2019.05.25"]
[EventType "tourn"]
[EventCountry "GER"]
[Tiebreak "Number of wins+Number of black wins"]
[SourceTitle "playchess.com"]
[Source "ChessBase"]
[SourceQuality "1"]
[TimeControl "180+2"]

1. e4 c5 2. Nf3 g6 3. d4 cxd4 4. Nxd4 Nc6 5. Be2 Bg7 6. Nb3 d6 7. O-O Nf6 8. Nc3 Bd7 9. Re1 h5 10.
Bf1 O-O 11. Bg5 Rc8 12. Nd5 Nh7 13. Bc1 Be5 14. c3 Bg7 15.
Be3 e6 16. Nf4 Nf6 17. f3 Qc7 18. Qd2 e5 19. Nd5 Nxd5 20. exd5 Ne7 21. c4 b6 22. Bh6 Bxh6 23. Qxh6 b5 24. cxb5 Bxb5 25. Rad1 Bxf1 26. Kxf1 Qb6 27. Qe3 Qa6+ 1/2-1/2

[Event "GER-ch Blitz 2019"]
[Site "Magdeburg"]
[Date "2019.05.25"]
[Round "29.3"]
[White "Frischmann, Rick"]
[Black "Kopylov, Daniel"]
[Result "1-0"]
[ECO "B52"]
[WhiteElo "2320"]
[BlackElo "2263"]
[Annotator "NA"]
[PlyCount "83"]
[EventDate "2019.05.25"]
[EventType "tourn"]
[EventCountry "GER"]
[Tiebreak "Number of wins+Number of black wins"]
[SourceTitle "playchess.com"]
[Source "ChessBase"]
[SourceQuality "1"]
[TimeControl "180+2"]

1. e4 c5 2. Nf3 d6 3. Bb5+ Bd7 4. Bxd7+ Qxd7 5. c4 Nf6 6. Nc3 g6 7. d4 cxd4 8. Nxd4 Bg7 9. f3 O-O 10. Be3 Rc8 11. b3 a6 12. a4 Nc6 13. O-O Rab8 14. Qd2 Qd8 15. Rab1 e6 16. Nxc6 bxc6 17. b4 d5 18. cxd5 cxd5 19. e5 Nd7 20. f4 Nb6 21. Bc5 Nc4 22. Qd4 Bf8 23.
Bxf8 Qxf8 24. Na2 Na3 25.
Rb3 Nc2 26. Qd2 Rc4 27. Rc1 Nd4 28. Rbb1 Rxc1+ 29. Nxc1 Nf5 30. Kh1 Qd8 31. b5 Qh4 32. Ne2 Qf2 33. Qd3 Ne3 34. Rg1 axb5 35. axb5 Nc4 36. Nd4 Ra8 37. Rf1 Qb2 38. f5 Ra3 39. fxe6 fxe6 40. Nxe6 Ra8 41. Qxd5 Ne3 42. Qxa8# 1-0

[Event "GER-ch Blitz 2019"]
[Site "Magdeburg"]
[Date "2019.05.25"]
[Round "29.4"]
[White "Zelbel, Patrick"]
[Black "Hirneise, Jens"]
[Result "1-0"]
[ECO "C41"]
[WhiteElo "2439"]
[BlackElo "2375"]
[Annotator "ChessBase"]
[PlyCount "144"]
[EventDate "2019.05.25"]
[EventType "tourn"]
[EventCountry "GER"]
[Tiebreak "Number of wins+Number of black wins"]
[SourceTitle "playchess.com"]
[Source "ChessBase"]
[SourceQuality "1"]
[TimeControl "180+2"]

1. e4 d6 2. d4 Nf6 3. Nc3 e5 4. Nf3 Nbd7 5. Bc4 Be7 6. a4 O-O 7. O-O a6 8. h3 b6 9. Qe2 Bb7 10. Rd1 exd4 11. Rxd4 Qc8 12. Bf4 Nh5 13. Bh2 Bf6 14. Nd5 Bxd5 15. Rxd5 g6 16. c3 Ng7 17. Rdd1 Re8 18. Re1 Ne5 19. Bb3 Re7 20. Rad1 Nxf3+ 21. Qxf3 Be5 22. Bxe5 dxe5 23. Qf6 Qe8 24. Bd5 Rb8 25. Bc6 Qf8 26. Rd2 Re6 27. Qg5 f6 28. Qg4 Rxc6 29. Red1 Rd6 30. Rxd6 cxd6 31. Qd7 Rd8 32. Qc7 Ne6 33. Qxb6 Nc5 34. a5 Nxe4 35. Qxa6 d5 36. Qc6 Qf7 37. a6 Nd6 38. Rxd5 Qe7 39. a7 Qxa7 40. Rxd6 Qa1+ 41. Kh2 Rxd6 42. Qxd6 Qxb2 43. Qe6+ Kg7 44. Qe7+ Kg8 45. c4 Qd4 46. Qxf6 Qxc4 47. Qxe5 Qa4 48. Qd5+ Kg7 49. g3 Qa7 50. Kg2 Qa4 51. h4 h5 52. Qe5+ Kf7 53. Kf3 Qb3+ 54.
Qe3 Qb7+ 55. Qe4 Qb3+ 56. Ke2 Qa2+ 57. Ke3 Qa3+ 58. Qd3 Qa7+ 59. Qd4 Qa3+ 60. Ke4 Qc1 61. Qd7+ Kf6 62. Qd6+ Kf7 63. Qd5+ Kg7 64. Qe5+ Kh7 65. Qe7+ Kg8 66. Qd8+ Kg7 67. Qd4+ Kg8 68. Qe3 Qc4+ 69. Ke5 Qf7 70. Qf4 Qc7+ 71. Kf6 Qf7+ 72. Kg5 Qe8 1-0

[Event "GER-ch Blitz 2019"]
[Site "Magdeburg"]
[Date "2019.05.25"]
[Round "29.5"]
[White "Stern, Rene"]
[Black "Schulze, Marc"]
[Result "1-0"]
[ECO "A04"]
[WhiteElo "2538"]
[BlackElo "2220"]
[Annotator "ChessBase"]
[PlyCount "73"]
[EventDate "2019.05.25"]
[EventType "tourn"]
[EventCountry "GER"]
[Tiebreak "Number of wins+Number of black wins"]
[SourceTitle "playchess.com"]
[Source "ChessBase"]
[SourceQuality "1"]
[TimeControl "180+2"]

1. Nf3 c5 2. c4 Nc6 3. Nc3 g6 4. e3 Nf6 5. d4 cxd4 6. exd4 d5 7. cxd5 Nxd5 8. Qb3 Nxc3 9. Bc4 e6 10. bxc3 Bg7 11. Ba3 Bf8 12. h4 Bxa3 13. Qxa3 Qa5 14. Qb2 Qc7 15. h5 Nxd4 16. cxd4 Qxc4 17. hxg6 fxg6 18. Rc1 Qa4 19. O-O O-O 20. Ne5 Rd8 21. Rc4 Qe8 22. Rc7 b6 23. Ng4 Qf8 24. Rfc1 e5 25. Qb3+ Kh8 26. Nxe5 Re8 27. Nf7+ Kg7 28. d5 Re7 29. Qc3+ Kxf7 30. Qf3+ Kg8 31. Qxf8+ Kxf8 32. Rxc8+ Rxc8 33.
Rxc8+ Re8 34. Rc7 Re7 35. d6 Re8 36. Rxh7 Rd8 37. Rh8+ 1-0

[Event "GER-ch Blitz 2019"]
[Site "Magdeburg"]
[Date "2019.05.25"]
[Round "29.6"]
[White "Svane, Frederik"]
[Black "Schulz, Karsten"]
[Result "1-0"]
[ECO "B06"]
[WhiteElo "2342"]
[BlackElo "2227"]
[Annotator "NA"]
[PlyCount "67"]
[EventDate "2019.05.25"]
[EventType "tourn"]
[EventCountry "GER"]
[Tiebreak "Number of wins+Number of black wins"]
[SourceTitle "playchess.com"]
[Source "ChessBase"]
[SourceQuality "1"]
[TimeControl "180+2"]

1. e4 g6 2. d4 Bg7 3. Nc3 d6 4. g3 Nf6 5. Bg2 O-O 6. Nge2 e5 7. O-O Nc6 8.
dxe5 Nxe5 9. h3 Re8 10. f4 Ned7 11. Be3 a6 12. Qd2 Rb8 13.
Ba7 Ra8 14. Be3 Rb8 15. Ba7 Ra8 16. Bf2 Rb8 17. Nd4 Nc5 18.
Rae1 Bd7 19. e5 dxe5 20. fxe5 Nh5 21. g4 Rxe5 22. Rxe5 Bxe5 23. gxh5 Ne6 24. Nxe6 Bxe6 25. Qxd8+ Rxd8 26. hxg6 hxg6 27. Rd1 Rb8 28. Bd4 Bxd4+ 29. Rxd4 b5 30. Kf2 c5 31. Rd6 a5 32.
Bd5 Bxh3 33. Rxg6+ Kf8 34. Rh6 1-0

[Event "GER-ch Blitz 2019"]
[Site "Magdeburg"]
[Date "2019.05.25"]
[Round "29.7"]
[White "Carow, Johannes"]
[Black "Heidrich, Manfred"]
[Result "1-0"]
[ECO "A04"]
[WhiteElo "2445"]
[BlackElo "2351"]
[Annotator "ChessBase"]
[PlyCount "101"]
[EventDate "2019.05.25"]
[EventType "tourn"]
[EventCountry "GER"]
[Tiebreak "Number of wins+Number of black wins"]
[SourceTitle "playchess.com"]
[Source "ChessBase"]
[SourceQuality "1"]
[TimeControl "180+2"]

1. Nf3 f5 2. c4 Nf6 3. g3 g6 4. Bg2 Bg7 5. O-O d6 6. d4 O-O 7. Nc3 Qe8 8. b3 e5 9. dxe5 dxe5 10. e4 Nc6 11. Nd5 Rf7 12. Ng5 Rd7 13.
exf5 gxf5 14. Bb2 h6 15. Nxf6+ Bxf6 16. Bd5+ Kg7 17. Nf3 Qe7 18. Re1 e4 19. Nh4 Rd6 20. Ba3 Ne5 21. Bxd6 Qxd6 22. Kh1 c6 23. Bxe4 Qxd1 24. Nxf5+ Bxf5 25. Raxd1 Bg4 26. Rd6 Rf8 27. Bg2 Nf3 28. Re4 Bh5 29. Rd7+ Kg8 30. Rxb7 Ng5 31. Re1 Bc3 32. Rf1 Bd4 33. f4 Nh7 34. Bxc6 Rd8 35. Bd5+ Kh8 36. h3 Bg6 37. f5 Be8 38. g4 Ng5 39. Bg2 Rc8 40. Rd1 Bf6 41. Rd6 Bg7 42. Rxa7 Bf8 43. Rf6 Bg7 44. Rb6 Rd8 45. Bd5 Bd7 46. Rd6 Re8 47. Raxd7 Re2 48. Rd8+ Kh7 49. Bg8+ Kh8 50. Bf7+ Bf8 51. Rxf8+ 1-0

[Event "GER-ch Blitz 2019"]
[Site "Magdeburg"]
[Date "2019.05.25"]
[Round "29.8"]
[White "Kirchner, Thomas"]
[Black "Schneider, Ilja"]
[Result "0-1"]
[ECO "B00"]
[WhiteElo "2311"]
[BlackElo "2494"]
[Annotator "ChessBase"]
[PlyCount "94"]
[EventDate "2019.05.25"]
[EventType "tourn"]
[EventCountry "GER"]
[Tiebreak "Number of wins+Number of black wins"]
[SourceTitle "playchess.com"]
[Source "ChessBase"]
[SourceQuality "1"]
[TimeControl "180+2"]

1. e4 Nc6 2. Bc4 Nf6 3. d3 d5 4. exd5 Nxd5 5. Nf3 Bg4 6. h3 Bh5 7. O-O e6 8. Re1 Be7 9. c3 O-O 10. Bb3 Bd6 11. d4 Nce7 12. Nbd2 c6 13.
Ne4 Bc7 14. Ng3 Bxg3 15. fxg3 Qc7 16. g4 Bg6 17. Ne5 c5 18.
Nxg6 Nxg6 19. Qf3 Rad8 20. Bg5 Rd7 21. Rad1 h6 22. Bc1 Rfd8 23. dxc5 Qxc5+ 24. Kh1 b5 25. a3 a5 26. Bc2 Nge7 27. Rd4 b4 28. axb4 axb4 29. Red1 bxc3 30. bxc3 Nc6 31. R4d2 Ne5 32. Qe4 Nxc3 33. Qh7+ Kf8 34. Rxd7 Rxd7 35. Rxd7 Nxd7 36. Qh8+ Ke7 37. Qxg7 Ne2 38. Be3 Qxe3 39. Qa1 Ne5 40. Ba4 Qf4 41. Bb5 Ng3+ 42. Kg1 Kf6 43. h4 Qxg4 44. h5 Qh4 45. Kf2 Nf5+ 46. Kg1 Qd4+ 47. Qxd4 Nxd4 0-1

[Event "GER-ch Blitz 2019"]
[Site "Magdeburg"]
[Date "2019.05.25"]
[Round "29.9"]
[White "Krause, Benedict"]
[Black "Kopylov, Michael"]
[Result "1/2-1/2"]
[ECO "B01"]
[WhiteElo "2434"]
[BlackElo "2413"]
[Annotator "NA"]
[PlyCount "29"]
[EventDate "2019.05.25"]
[EventType "tourn"]
[EventCountry "GER"]
[Tiebreak "Number of wins+Number of black wins"]
[SourceTitle "playchess.com"]
[Source "ChessBase"]
[SourceQuality "1"]
[TimeControl "180+2"]

1. e4 d5 2. exd5 Qxd5 3. Nf3 Bg4 4. Be2 Nc6 5. d4 O-O-O 6. Be3 e5 7. c4 Qa5+ 8. Bd2 Bb4 9. d5 Bxf3 10. Bxf3 Nd4 11. Nc3 Qa6 12. b3 Qa5 13. Rc1 Nf6 14. O-O Rhe8 15. Be1 1/2-1/2

[Event "GER-ch Blitz 2019"]
[Site "Magdeburg"]
[Date "2019.05.25"]
[Round "29.10"]
[White "Ehmann, Thilo"]
[Black "Hebbinghaus, Holger"]
[Result "1-0"]
[ECO "B02"]
[WhiteElo "2291"]
[BlackElo "2310"]
[Annotator "NA"]
[PlyCount "88"]
[EventDate "2019.05.25"]
[EventType "tourn"]
[EventCountry "GER"]
[Tiebreak "Number of wins+Number of black wins"]
[SourceTitle "playchess.com"]
[Source "ChessBase"]
[SourceQuality "1"]
[TimeControl "180+2"]

1. e4 Nf6 2. Nc3 d5 3. e5 Nfd7 4. d4 c5 5. f4 cxd4 6. Nce2 Nc6 7. Nf3 Ndb8 8. Nexd4 Bg4 9. e6 fxe6 10. Be2 g6 11. Ng5 Bxe2 12. Nxe2 Qd6 13. h4 h6 14. Nf3 Nd7 15. Qd3 e5 16. fxe5 Ncxe5 17. Nxe5 Nxe5 18. Qg3 Nf7 19. Bf4 e5 20. Bd2 Bg7 21. a3 a5 22. O-O O-O 23.
Kh1 b6 24. Bc3 Nh8 25. Nd4 Rxf1+ 26. Rxf1 Rf8 27. Re1 Qf6 28. Nf3 Qf4 29. Qxf4 exf4 30. Bxg7 Kxg7 31. Re5 Rd8 32. Nd4 Rd6 33. Re7+ Nf7 34. c3 Kf6 35. Re8 g5 36. hxg5+ hxg5 37. Kg1 g4 38. Rg8 g3 39. Kf1 Ne5 40. Rf8+ Kg5 41. Rf5+ Kg4 42. Rxe5 Rh6 43. Nf3 Rh1+ 44. Ng1 Rh8 1-0

[Event "GER-ch Blitz 2019"]
[Site "Magdeburg"]
[Date "2019.05.25"]
[Round "29.11"]
[White "Barzen, Pascal"]
[Black "Braeuer, Franz"]
[Result "1/2-1/2"]
[ECO "B23"]
[WhiteElo "2292"]
[BlackElo "2445"]
[Annotator "ChessBase"]
[PlyCount "101"]
[EventDate "2019.05.25"]
[EventType "tourn"]
[EventCountry "GER"]
[Tiebreak "Number of wins+Number of black wins"]
[SourceTitle "playchess.com"]
[Source "ChessBase"]
[SourceQuality "1"]
[TimeControl "180+2"]

1. e4 c5 2. Nc3 e6 3. g3 Nc6 4. Bg2 g6
5. d3 Bg7 6. f4 Nge7 7. Nf3 d5 8. O-O O-O 9. e5 f6 10. exf6 Bxf6 11. Re1 Qd6 12. Be3 Bd7 13. Nb5 Qb8 14. Bxc5 a6 15. Nbd4 Nd8 16. Ne5 Be8 17. Ng4 Bxd4+ 18. Bxd4 Nf5 19. Be5 Qa7+ 20. d4 Nc6 21. c3 Nxe5 22. fxe5 Qb6 23. Qd2 a5 24. Nf6+ Kg7 25. g4 Ne7 26. Re3 h6 27. Rh3 g5 28.
Rf1 Bb5 29. Nh5+ Kh8 30. Rf6 Ng8 31. Qc2 Qc7 32. Rxe6 Qf7 33.
Rf6 Nxf6 34. Nxf6 Qg7 35. Qf5 Ra6 36. Bxd5 Be2 37. Re3 Bd1 38. c4 Ba4 39. c5 Bc6 40. Bxc6 Rxc6 41. Rf3 b6 42. Qe4 Rcc8 43. c6 Qf7 44. d5 Rcd8 45. d6 Rc8 46. c7 Rxc7 47. dxc7 Qxc7 48. Qg6 Qc1+ 49. Rf1 Qe3+ 50. Rf2 Qe1+ 51. Kg2 1/2-1/2

[Event "GER-ch Blitz 2019"]
[Site "Magdeburg"]
[Date "2019.05.25"]
[Round "29.12"]
[White "Buhmann, Rainer"]
[Black "Heistermann, Till"]
[Result "1-0"]
[ECO "A57"]
[WhiteElo "2573"]
[BlackElo "2181"]
[Annotator "ChessBase"]
[PlyCount "99"]
[EventDate "2019.05.25"]
[EventType "tourn"]
[EventCountry "GER"]
[Tiebreak "Number of wins+Number of black wins"]
[SourceTitle "playchess.com"]
[Source "ChessBase"]
[SourceQuality "1"]
[TimeControl "180+2"]

1. d4 Nf6 2. c4 c5 3. d5 b5 4. cxb5 a6 5. b6 d6 6. Nc3 g6 7. e4 Nbd7 8. Nf3 Bg7 9. a4 a5 10. Bb5 O-O 11. O-O Nxb6 12. Nd2 Bd7 13. Qc2 Bxb5 14. Nxb5 Ne8 15. Rb1 Nc7 16. Na3 Na6 17. b3 Nb4 18. Qd1 Nd3 19. Ndc4 Nxc1 20. Rxc1 Nxc4 21. Nxc4 Qc7 22. Qd3 Rab8 23. Rb1 Rb7 24. g3 Rfb8 25. h4 h5 26. Kg2 Ra8 27. f4 Qd7 28. f5 Qe8 29. Rf3 Bf6 30.
Re1 Kg7 31. Rf4 g5 32. hxg5 Bxg5 33. Rf3 f6 34. Rh1 Rbb8 35. Qc3 Rb4 36. Kf2 Qf7 37. Ke2 Rh8 38. Kd1 h4 39. gxh4 Rxh4 40. Rxh4 Bxh4 41. Rh3 Qh5+ 42. Qf3 Qxf3+ 43. Rxf3 Kh6 44. Kc2 Kg5 45. Rh3 Kg4 46. Rh1 Bg5 47. Rh7 Kf3 48. Rxe7 Bf4 49. Re6 Be5 50. Nxd6 1-0

[Event "GER-ch Blitz 2019"]
[Site "Magdeburg"]
[Date "2019.05.25"]
[Round "29.13"]
[White "Braeuning, Rudolf Wilhelm"]
[Black "Baskin, Robert"]
[Result "0-1"]
[ECO "B22"]
[WhiteElo "2285"]
[BlackElo "2398"]
[Annotator "NA"]
[PlyCount "70"]
[EventDate "2019.05.25"]
[EventType "tourn"]
[EventCountry "GER"]
[Tiebreak "Number of wins+Number of black wins"]
[SourceTitle "playchess.com"]
[Source "ChessBase"]
[SourceQuality "1"]
[TimeControl "180+2"]

1. e4 c5 2. c3 d5 3. exd5 Qxd5 4. d4 Nf6 5. Nf3 Nc6 6. Be3 cxd4 7. cxd4 e6 8. Nc3 Qd6 9. a3 Be7 10. Bd3 O-O 11. O-O b6 12. Re1 Bb7 13.
Bc2 Rad8 14. Qd3 Qb8 15. Rad1 g6 16. Bg5 Nd5 17. Ne4 Bxg5 18.
Nexg5 Nf4 19. Qe3 Ne7 20. Bb3 Nf5 21. Qd2 Rd7 22. Re5 Nd5 23.
Ree1 Qf4 24. Ne5 Rc7 25. Qxf4 Nxf4 26. g3 Nd5 27. Ne4 Kg7 28. h4 Rd8 29. Bxd5 Bxd5 30. Nc3 Bb3 31. Rd3 Rxd4 32. Rxd4 Nxd4 33. Kg2 f6 34. Nd3 Bc4 35. Nc1 Nb5 0-1

[Event "GER-ch Blitz 2019"]
[Site "Magdeburg"]
[Date "2019.05.25"]
[Round "29.14"]
[White "Koch, Thomas"]
[Black "Voege, Tobias"]
[Result "1-0"]
[ECO "D07"]
[WhiteElo "2474"]
[BlackElo "2294"]
[Annotator "ChessBase"]
[PlyCount "74"]
[EventDate "2019.05.25"]
[EventType "tourn"]
[EventCountry "GER"]
[Tiebreak "Number of wins+Number of black wins"]
[SourceTitle "playchess.com"]
[Source "ChessBase"]
[SourceQuality "1"]
[TimeControl "180+2"]

1. d4 d5 2. c4 Nc6 3. Nf3 Bg4 4. Nc3 e6 5. cxd5 exd5 6. Bf4 Bb4 7. e3 Nge7 8. Be2 O-O 9. O-O Ng6 10. Bg3 Bxc3 11. bxc3 Rb8 12. h3 Be6 13. Bb5 Nce7 14. Re1 a6 15. Bf1 Nf5 16. Bh2 Nd6 17. Bd3 f5 18. Qc2 b5 19. a4 Rb6 20. axb5 axb5 21. Ra7 Ne7 22. Ne5 Nec8 23. Ra8 Qe7 24. f3 h6 25. Ng6 Qf7 26. Nxf8 Qxf8 27. e4 f4 28. Qd2 g5 29. exd5 Bxd5 30. Raa1 Nc4 31. Bxc4 Bxc4 32. Re5 Nd6 33. Ra7 Rc6 34. Qc2 Nf7 35. Rf5 Qe7 36. Ra1 Re6 37. Qd1 Re3 1-0

[Event "GER-ch Blitz 2019"]
[Site "Magdeburg"]
[Date "2019.05.25"]
[Round "29.15"]
[White "Feuerstack, Aljoscha"]
[Black "Wichmann, Cliff"]
[Result "0-1"]
[ECO "C05"]
[WhiteElo "2441"]
[BlackElo "2280"]
[Annotator "NA"]
[PlyCount "50"]
[EventDate "2019.05.25"]
[EventType "tourn"]
[EventCountry "GER"]
[Tiebreak "Number of wins+Number of black wins"]
[SourceTitle "playchess.com"]
[Source "ChessBase"]
[SourceQuality "1"]
[TimeControl "180+2"]

1. e4 e6 2. d4 d5 3. Nd2 Nf6 4. e5 Nfd7 5. Bd3 c5 6. c3 Nc6 7. Ngf3 g6 8. h4 h6 9. Bc2 b6 10. a3 b5 11. Nf1 b4 12. axb4 cxb4 13.
h5 g5 14. Ne3 Be7 15. Ng4 a5 16. O-O Qb6 17. Ne1 Ba6 18. Nd3 Rc8 19. Kh1 Na7 20. Bd2 Nb5 21. Qe1 Nxd4 22. cxd4 Rxc2 23. Qe3 Qb5 24. Nxb4 axb4 25. f4 Qe2 0-1